 Dungeon Crawl Stone Soup version 0.31-a0-232-gb1c03b2570 (webtiles) character file.

Game seed: 15011016353127493776

147 qw the Shooter (level 5, -2/44 HPs)
             Began as a Minotaur Hexslinger on July 7, 2023.
             Slain by an orc wizard
             ... wielding a +0 dagger
              (3 damage)
             ... on level 4 of the Dungeon.
             The game lasted 00:00:42 (2081 turns).

qw the Shooter (Minotaur Hexslinger)                Turns: 2081, Time: 00:00:43

Health: -2/44      AC:  6    Str: 12    XL:     5   Next: 8%
Magic:  0/5        EV: 11    Int: 10    God:
Gold:   146        SH:  0    Dex: 15    Spells: 5/6 levels left

rFire   . . .        f - +1 sling (heavy)
rCold   . . .        (no shield)
rNeg    . . .        g - +0 ring mail
rPois   .            (helmet restricted)
rElec   .            (no cloak)
rCorr   .            (no gloves)
SInv    .            b - +0 pair of boots
Will    .....        c - amulet of guardian spirit
Stlth   +            (no ring)
HPRegen 0.27/turn    (no ring)
MPRegen 0.09/turn

%: guardian spirit
@: about to teleport
A: horns 2, retaliatory headbutt
a: no special abilities


You were on level 4 of the Dungeon.
You visited 1 branch of the dungeon, and saw 4 of its levels.

You collected 146 gold pieces.


Innate Abilities, Weirdness & Mutations

You have a pair of horns on your head.
You reflexively headbutt those who attack you in melee.


   Skills:
 + Level 2.8 Fighting
 - Level 5.0 Ranged Weapons
 - Level 1.4 Armour
 - Level 2.1 Dodging
 - Level 1.0 Spellcasting
 - Level 2.0 Hexes


You had 5 spell levels left.
You knew the following spells:

 Your Spells              Type           Power      Damage    Failure   Level
a - Slow                  Hex            16%        N/A       32%         1

Your spell library contained the following spells:

 Spells                   Type           Power      Damage    Failure   Level
 Inner Flame              Hex/Fire       2%         N/A       83%         3
 Portal Projectile        Hex/Tloc       4%         N/A       83%         3
 Cause Fear               Hex            2%         N/A       97%         4

Inventory:

Hand Weapons
 f - a +1 heavy sling (weapon)
Armour
 b - a +0 pair of boots (worn)
 g - a +0 ring mail (worn)
Jewellery
 c - an amulet of guardian spirit (around neck)
Scrolls
 a - a scroll of identify
 e - 2 scrolls of brand weapon
 h - a scroll of blinking {unknown}
Potions
 d - a potion of attraction {unknown}

Dungeon Overview and Level Annotations

Branches:
Dungeon (4/15)
 Temple: D:4-7

Altars:

Annotations:
D:4 1 transporter


Message History

The phantom barely misses you. You furiously retaliate!
You headbutt the phantom. The worm bites you. The phantom closely misses you.
You shoot a sling bullet. The sling bullet misses the phantom.
The phantom hits you but does no damage.
The worm closely misses you. The phantom closely misses you.
You furiously retaliate!
You headbutt the phantom. You shoot a sling bullet.
The sling bullet barely misses the phantom.
The phantom hits you.
The phantom blinks!
You blink.
The phantom hits you.
2077 ||| READING 2 scrolls of teleportation.
As you read the scroll of teleportation, it crumbles to dust.
You feel strangely unstable.
The phantom hits you but does no damage.
You shoot a sling bullet.
The sling bullet closely misses the phantom.
The phantom hits you but does no damage. x2
You shoot a sling bullet. The sling bullet hits the phantom!
The phantom is almost destroyed.
Your surroundings suddenly seem different.
An orc wizard, 2 orcs and an adder come into view.
Found an escape hatch in the ceiling.
The orc shouts! x2; The adder hisses angrily.
You hear a shout!
The orc wizard barely misses you. The orc closely misses you.
You furiously retaliate!
You headbutt the orc.
The orc wizard casts a spell.
The orc wizard flickers and vanishes!
Deactivating autopickup; reactivate with Ctrl-A.
The orc hits you but does no damage.
An orc wizard comes into view. It is wielding a +0 dagger.
The orc hits you with a +0 flail.
Enter note:
2080 ||| READING scroll of teleportation.
As you read the scroll of teleportation, it crumbles to dust.
You feel strangely unstable.
The orc wizard shouts!
Something hits you but does no damage. The orc hits you with a +0 war axe.
The orc closely misses you.
You shoot a sling bullet. The sling bullet barely misses the orc.
The orc hits you with a +0 flail! Something hits you.
You die...

#.# #.# # #.#
#.# #.# ....
#<#
#...##.#####..
+...S{........
#@# #oo......
#########


You could see an adder and 2 orcs.

Vanquished Creatures
  Natasha (thrice) (D:3)
  3 adders (D:2)
  A worm (D:3)
  2 dart slugs
  3 endoplasms
  A giant cockroach (D:2)
  A hobgoblin (D:2)
  8 kobolds
  3 quokkas
  A ball python (D:4)
  5 bats
  3 frilled lizards
  5 goblins
  5 rats
44 creatures vanquished.

Notes
Turn   | Place    | Note
-------+----------+-------------------------------------------
     0 | D:1      | qw the Minotaur Hexslinger began the quest for the Orb.
     0 | D:1      | Reached XP level 1. HP: 16/16 MP: 1/1
     0 | D:1      | 0 ||| qw: Version: 0.3-a-46-gb1f654a
     0 | D:1      | 0 ||| qw: Game counter: 2791
     0 | D:1      | 0 ||| qw: Melee chars always use a shield: true
     0 | D:1      | 0 ||| qw: God list: Okawaru
     0 | D:1      | 0 ||| qw: Allow faded altars: false
     0 | D:1      | 0 ||| qw: Do Orc after clearing Dungeon:15 true
     0 | D:1      | 0 ||| qw: Do second Lair branch before Depths: true
     0 | D:1      | 0 ||| qw: Lair rune preference: random
     0 | D:1      | 0 ||| qw: Goals: Normal
     0 | D:1      | 0 ||| PLANNING D:1-11
    15 | D:1      | 15 ||| Stepping ~*~*~tactically~*~*~ (water).
    17 | D:1      | 17 ||| Stepping ~*~*~tactically~*~*~ (water).
    76 | D:1      | 76 ||| FLEEEEING.
    77 | D:1      | 77 ||| FLEEEEING.
   203 | D:1      | Reached skill level 3 in Ranged Weapons
   365 | D:1      | Reached XP level 2. HP: 23/23 MP: 2/2
   712 | D:1      | 712 ||| UPGRADING to +0 ring mail.
   722 | D:1      | 722 ||| DROPPING +0 robe.
   723 | D:1      | 723 ||| READING 3 scrolls labelled WOZXOFATSI.
   724 | D:1      | 724 ||| READING 3 scrolls labelled KOSIOV JOUCUJ.
   725 | D:1      | 725 ||| READING scroll labelled ZAERHUNEPH.
   726 | D:1      | 726 ||| READING 3 scrolls labelled VUSIKIPNYO.
   727 | D:1      | 727 ||| READING scroll labelled XAVEADGHYKHLO.
   728 | D:1      | 728 ||| READING scroll labelled ERUGGI YFFICLE.
   729 | D:1      | 729 ||| READING 2 scrolls labelled VAIRUI ESUSANT.
   734 | D:1      | 734 ||| READING scroll labelled HAASHA ZIPIADD.
   735 | D:1      | 735 ||| DROPPING scroll of poison.
   736 | D:1      | 736 ||| DROPPING 2 scrolls of noise.
   759 | D:2      | 759 ||| STAIRDANCE
   813 | D:2      | Reached XP level 3. HP: 29/29 MP: 3/3
   916 | D:2      | Reached skill level 4 in Ranged Weapons
   980 | D:2      | Reached skill level 1 in Armour
  1236 | D:2      | 1236 ||| READING 2 scrolls of identify.
  1236 | D:2      | 1236 ||| IDENTIFYING cyan potion
  1237 | D:2      | 1237 ||| DROPPING potion of brilliance.
  1438 | D:3      | Reached XP level 4. HP: 36/36 MP: 4/4
  1519 | D:3      | Noticed Natasha
  1521 | D:3      | Killed Natasha
  1745 | D:3      | Noticed Natasha
  1746 | D:3      | 1746 ||| FLEEEEING.
  1747 | D:3      | 1747 ||| FLEEEEING.
  1748 | D:3      | 1748 ||| FLEEEEING.
  1749 | D:3      | 1749 ||| FLEEEEING.
  1750 | D:3      | 1750 ||| FLEEEEING.
  1751 | D:3      | 1751 ||| FLEEEEING.
  1752 | D:3      | 1752 ||| FLEEEEING.
  1753 | D:3      | 1753 ||| FLEEEEING.
  1754 | D:3      | 1754 ||| FLEEEEING.
  1755 | D:3      | 1755 ||| FLEEEEING.
  1756 | D:3      | 1756 ||| FLEEEEING.
  1765 | D:3      | Killed Natasha
  1766 | D:3      | Reached skill level 5 in Ranged Weapons
  1809 | D:3      | 1809 ||| UPGRADING to +0 pair of boots.
  1814 | D:3      | 1814 ||| UPGRADING to amulet of guardian spirit.
  1819 | D:3      | 1819 ||| READING scroll labelled YFFA QUULU.
  1835 | D:3      | Noticed Natasha
  1842 | D:3      | Killed Natasha
  1843 | D:3      | Reached XP level 5. HP: 30/42 MP: 2/5
  1963 | D:4      | Found a transporter.
  2059 | D:4      | Noticed a phantom
  2076 | D:4      | HP: 11/44 [phantom (4)]
  2077 | D:4      | 2077 ||| READING 2 scrolls of teleportation.
  2080 | D:4      | 2080 ||| READING scroll of teleportation.
  2081 | D:4      | HP: 1/44 [orc/+0 flail (6)]
  2081 | D:4      | Slain by an orc wizard

Levels and vault maps discovered:
D:1:      sevenhm_arrival_forest_fort_small_4, layout_basic
D:2:      layout_rooms
D:3:      layout_loops_ring, uniq_natasha
D:4:      gammafunk_steamed_eel, layout_basic, serial_shops, shop,
          minmay_misc_feat_roman, kennysheep_decorative_pillar, chequers_jeans

Skill      XL: |  1  2  3  4 |
---------------+-------------+-----
Ranged Weapons | 3 4 5 |  5.0
Fighting       | 2 |  2.8
Armour         | 1 |  1.4
Dodging        | |  2.1
Spellcasting   | |  1.0
Hexes          | |  2.0

Action                     |  1- 3 |  4- 6 || total
---------------------------+-------+-------++-------
   Fire: Sling             |    81 |    39 ||   120
    Use: Scroll            |     9 |     3 ||    12
 Armour: Ring mail         |    14 |    19 ||    33
  Dodge: Dodged            |    16 |    32 ||    48

Table legend:
 A = Non-vault XP
 B = Vault XP
 C = Vault XP percentage of total XP
 D = Non-vault monster count
 E = Vault monster count
 F = Vault count percentage of total count
                 A         B        C        D         E       F
            +---------+---------+-------+---------+---------+-------
      Total |     176 |      35 |  16.6 |      43 |       1 |   2.3
            +---------+---------+-------+---------+---------+-------
        D:1 |      25 |       0 |   0.0 |      15 |       0 |   0.0
        D:2 |      62 |       0 |   0.0 |      16 |       0 |   0.0
        D:3 |      86 |      35 |  28.9 |      10 |       1 |   9.1
        D:4 |       3 |       0 |   0.0 |       2 |       0 |   0.0
            +---------+---------+-------+---------+---------+-------
